 Dungeon Crawl Stone Soup version 0.21-a0-33-g8b44e26 (webtiles) character file.

38 HAL9000 the Slasher (level 3, -1/23 HPs)
             Began as a Gargoyle Berserker on May 19, 2017.
             Was a Follower of Trog.
             Slain by Natasha (7 damage)
             ... on level 2 of the Dungeon on May 27, 2017.
             The game lasted 00:02:14 (1138 turns).

HAL9000 the Slasher (Gargoyle Berserker)            Turns: 1138, Time: 00:02:15

Health: -1/23      AC:  5    Str: 21    XL:     3   Next: 43%
Magic:  3/3        EV: 12    Int:  7    God:    Trog [*.....]
Gold:   86         SH:  0    Dex:  9    Spells: 2/2 levels left

rFire    . . .     SeeInvis .   a - +0 falchion
rCold    . . .     Gourm    .   (no shield)
rNeg     + . .     Faith    .   b - +0 animal skin
rPois    ∞         Spirit   .   (no helmet)
rElec    +         Reflect  .   (no cloak)
rCorr    .         Harm     .   (no gloves)
MR       .....                  (no boots)
Stlth    +.........             (no amulet)
Regen    0.1/turn               (no ring)
MPRegen  0.1/turn               (no ring)

@: no status effects
A: negative energy resistance 1, electricity resistance, unbreathing,
petrification resistance, rot immunity, AC +3
a: Berserk, Burn Spellbooks, Renounce Religion


You were on level 2 of the Dungeon.
You worshipped Trog.
Trog was aware of your devotion.
You were not hungry.

You visited 1 branch of the dungeon, and saw 2 of its levels.

You collected 86 gold pieces.

Inventory:

Hand Weapons
 a - a +0 falchion (weapon)
Armour
 b - a +0 animal skin (worn)
Jewellery
 i - a +4 ring of protection {unknown}
Scrolls
 f - a scroll of fog {unknown}
 h - a scroll of blinking {unknown}
 j - a scroll of teleportation {unknown}
Potions
 e - a potion of haste {unknown}
Comestibles
 c - 2 bread rations
 g - a royal jelly


   Skills:
 - Level 3.2 Fighting
 + Level 4.0 Long Blades
 - Level 2.1 Armour
 - Level 1.5 Dodging


You had 2 spell levels left.
You didn't know any spells.

Dungeon Overview and Level Annotations

Branches:
Dungeon (2/15)

Altars:
Qazlal

Annotations:
D:2 Natasha


Innate Abilities, Weirdness & Mutations

You are resistant to torment.
Your stone body is resilient. (AC +3)
You are immune to poison.
You resist negative energy. (rN+)
You are resistant to electric shocks. (rElec)
You can survive without breathing.
You are immune to petrification.
You are immune to rotting.


Message History

You hit Natasha but do no damage.
Natasha is moderately wounded.
Natasha misses you.
You closely miss Natasha.
Natasha is moderately wounded.
Natasha claws you but does no damage.
You hit Natasha.
Natasha is severely wounded.
Natasha casts a spell.
You closely miss Natasha.
Natasha is severely wounded.
Natasha howls an incantation.
Natasha glows brightly for a moment.
Natasha barely misses you.
You riposte.
You hit Natasha but do no damage.
Natasha is heavily wounded.
The crimson imp completely misses you.
You barely miss Natasha.
Natasha is heavily wounded.
Natasha claws you!
You die...

... ...## ... _...
... ... #.. ..
##..# .# #
...)###.# ####
#.)#5.# ##...
#h@.#### ##..##
###....#######.....
####.....##....).
###...........
#............
....(#####.....
.....### ##.##..
#....# ###......
..### ##.....#..


You could see Natasha and a crimson imp.

Vanquished Creatures
  An adder (D:2)
  A worm (D:2)
  A bat (D:1)
  A giant cockroach (D:1)
  6 goblins
  2 hobgoblins (D:1)
  4 jackals (D:1)
  A quokka (D:2)
  A frilled lizard (D:1)
  3 kobolds
  4 rats (D:1)
25 creatures vanquished.

Notes
Turn   | Place    | Note
-------+----------+-------------------------------------------
     0 | D:1      | HAL9000 the Gargoyle Berserker began the quest for the Orb.
     0 | D:1      | Reached XP level 1. HP: 14/14 MP: 1/1
   108 | D:1      | Reached skill level 3 in Long Blades
   137 | D:1      | Reached XP level 2. HP: 14/19 MP: 2/2
   903 | D:2      | Reached XP level 3. HP: 9/23 MP: 3/3
  1072 | D:2      | Found a stormy altar of Qazlal.
  1122 | D:2      | Upgraded the game from 0.20-b1 to 0.21-a0-33-g8b44e26
  1127 | D:2      | Noticed Natasha
  1130 | D:2      | Reached skill level 4 in Long Blades
  1138 | D:2      | Slain by Natasha

Vault maps used:
D:1:      sevenhm_arrival_forest_fort_large_3
D:2:      first_bread, grunt_qazlal_clouds, uniq_natasha, uniq_robin

Skill      XL: |  1  2  3 |
---------------+----------+-----
Long Blades    | 3 4 |  4.0
Fighting       | |  3.2
Armour         | |  2.1
Dodging        | |  1.5

Action                   || total
-------------------------++-------
Melee: Falchion          ||    77
Invok: Berserk           ||     2
 Stab: Sleeping          ||     1
  Eat: Chunk             ||     3
Armor: Animal skin       ||    23
Dodge: Dodged            ||    35
       Rpst.: Falchion   ||     9
